 Dungeon Crawl Stone Soup version 0.30-b1-2-g02819fbbbe (webtiles) character file.

Game seed: 3853624056320290348

851 KVII the Trooper (level 7, -4/62 HPs)
             Began as a Minotaur Berserker on May 24, 2023.
             Was a Priest of Trog.
             Splashed by a jelly's acid (11 damage)
             ... on level 6 of the Dungeon.
             The game lasted 00:15:29 (2920 turns).

KVII the Trooper (Minotaur Berserker)               Turns: 2920, Time: 00:15:29

Health: -4/62      AC: -9    Str: 24    XL:     7   Next: 69%
Magic:  6/6        EV: 10    Int:  4    God:    Trog [***...]
Gold:   206        SH:  3    Dex:  9    Spells: 6/6 levels left

rFire   + . .        p - +2 mace (holy)
rCold   . . .        r - +0 buckler
rNeg    . . .        k - +3 scale mail {rF+}
rPois   .            (helmet restricted)
rElec   .            (no cloak)
rCorr   .            (no gloves)
SInv    .            (no boots)
Will    .....        (no amulet) Stlth
                     (no ring)
HPRegen 0.30/turn    (no ring)
MPRegen 0.10/turn

%: no passive effects
@: corroded
A: horns 2, retaliatory headbutt
a: Renounce Religion, Berserk, Trog's Hand


You were on level 6 of the Dungeon.
You worshipped Trog.
Trog was most pleased with you.
You visited 1 branch of the dungeon, and saw 6 of its levels.

You collected 251 gold pieces.
You spent 45 gold pieces at shops.

Inventory:

Hand Weapons
 a - a +0 spear
 h - a +0 mace of protection
 o - a +0 war axe
 p - a +2 mace of holy wrath (weapon)
 v - a +0 flail of draining
 w - a +0 rapier
Missiles
 i - 3 javelins (quivered)
Armour
 b - a +0 animal skin
 c - a +0 scale mail
 k - a +3 scale mail of fire resistance (worn)
 r - a +0 buckler (worn)
 u - a +2 robe of fire resistance
Scrolls
 g - 2 scrolls of fog {unknown}
 j - 4 scrolls of magic mapping {unknown}
 s - 2 scrolls of enchant weapon {unknown}
 t - 2 scrolls of identify {unknown}
 y - a scroll of teleportation {unknown}
Potions
 d - a potion of mutation {unknown}
 e - a potion of brilliance {unknown}
 f - a potion of flight {unknown}
 l - a potion of lignification {unknown}
 m - a potion of ambrosia
 n - 2 potions of heal wounds {unknown}
 q - a potion of might {unknown}
 x - 2 potions of degeneration {unknown}


   Skills:
 + Level 5.7 Fighting
 + Level 5.7(6.7) Axes
 + Level 2.4(4.4) Maces & Flails
 + Level 4.5(5.9) Polearms
 + Level 5.5 Armour
 + Level 3.6 Dodging
 + Level 0.3 Stealth
 + Level 1.0 Shields


You had 6 spell levels left.
You didn't know any spells.
Your spell library contained the following spells:

 Spells                   Type           Power      Damage    Failure   Level
 Call Canine Familiar     Summ           0%         N/A       99%         3
 Portal Projectile        Hex/Tloc       0%         N/A       99%         3
 Leda's Liquefaction      Hex/Erth       0%         N/A       100%        4


Dungeon Overview and Level Annotations

Branches:
Dungeon (6/15)             Temple (0/1) D:4

Altars:
Makhleb
Qazlal
Ru
Uskayaw
Vehumet
The Shining One

Shops:
D:1 ?   D:3 *(


Innate Abilities, Weirdness & Mutations

You have a pair of horns on your head.
You reflexively headbutt those who attack you in melee.


Message History

There is an open door here.
The hound pauses to sniff the ground.
The hound misses you. You furiously retaliate!
You headbutt the hound, but do no damage.
The hound bites you but does no damage.
You sock the hound!
The hound is almost dead.
The hound closely misses you. The hound misses you. You furiously retaliate!
You headbutt the hound. You thump the hound!
You kill the hound!
Trog accepts your kill.
You hit the jelly. The acid corrodes you!
Your hands burn!
The jelly is lightly wounded.
The jelly hits you but does no damage.
You thump the jelly! The acid corrodes you!
Your hands burn!
The jelly is heavily wounded.
The jelly hits you.
You are splashed with acid!
You hit the jelly.
Your hands burn!
You headbutt the jelly, but do no damage.
The jelly is heavily wounded.
The jelly barely misses you. The jelly hits you. The acid corrodes you!
You are splashed with acid!
You hit the jelly but do no damage.
Your hands burn!
The jelly is heavily wounded.
The jelly barely misses you.
You hit the jelly but do no damage.
Your hands burn!
The jelly is heavily wounded.
You block the jelly's attack.
You hit the jelly but do no damage. The acid corrodes you!
Your hands burn!
* * * LOW HITPOINT WARNING * * *
The jelly is heavily wounded.
The jelly hits you.
* * * LOW HITPOINT WARNING * * *
You are splashed with acid!
* * * LOW HITPOINT WARNING * * *
The jelly attacks as you move away! The jelly hits you.
* * * LOW HITPOINT WARNING * * *
The acid corrodes you!
You are splashed with acid!
You die...

.. #......
..#####......############
#........# #............#
#........#...#...........
#........+ #........#..
#........# #........#
#..?.....# #.....)..#
#.......####+####.....#
#######.J@......'.#.......
#......#.♣...♣.#.#.......
#......#.♣._.♣.#.+.......
#....Jh#.♣...♣.#.#.......
#......+.......+.#..."...
#......####+####.#.......
#......# ..# #...... ..


You could see a jelly.

Vanquished Creatures
  Eustachio (D:4)
  A black bear (D:5)
  Blork the orc (D:4)
  A scorpion (D:5)
  2 jellies
  5 hounds
  Natasha (D:3)
  Terence (D:2)
  An iguana (D:4)
  2 sleepcaps
  2 orc wizards
  2 adders
  A shadow imp (D:5)
  A worm (D:2)
  2 dart slugs (D:2)
  12 orcs
  8 endoplasms
  4 giant cockroaches
  7 goblins
  2 hobgoblins
  3 jackals (D:2)
  3 quokkas
  5 ball pythons
  A bat (D:2)
  A frilled lizard (D:3)
  5 kobolds
  3 rats
78 creatures vanquished.

Notes
Turn   | Place    | Note
-------+----------+-------------------------------------------
     0 | D:1      | KVII the Minotaur Berserker began the quest for the Orb.
     0 | D:1      | Reached XP level 1. HP: 19/19 MP: 0/0
   218 | D:1      | Reached XP level 2. HP: 22/27 MP: 1/1
   219 | D:1      | Found The Oracle's Delphic Readings.
   589 | D:2      | Reached XP level 3. HP: 25/33 MP: 2/2
   766 | D:2      | Reached ** piety under Trog
   807 | D:2      | Noticed Terence
   811 | D:2      | Reached skill level 1 in Maces & Flails
   816 | D:2      | Killed Terence
   817 | D:2      | Reached XP level 4. HP: 41/41 MP: 3/3
  1194 | D:3      | Found Honaggeg's Weapon Shoppe.
  1313 | D:3      | Found Suuhyana's General Store.
  1330 | D:3      | Found a faded altar of an unknown god.
  1361 | D:3      | Bought a +0 buckler for 45 gold pieces
  1433 | D:3      | Found a stormy altar of Qazlal.
  1574 | D:3      | Noticed Natasha
  1588 | D:3      | Killed Natasha
  1725 | D:4      | Reached XP level 5. HP: 47/47 MP: 4/4
  1745 | D:4      | Reached skill level 1 in Axes
  1868 | D:4      | Noticed Blork the orc
  1878 | D:4      | Killed Blork the orc
  1878 | D:4      | Reached *** piety under Trog
  1879 | D:4      | Reached XP level 6. HP: 48/55 MP: 5/5
  1935 | D:4      | Reached skill level 5 in Fighting
  1946 | D:4      | Noticed Eustachio
  1969 | D:4      | Killed Eustachio
  2074 | D:4      | Found a glowing golden altar of the Shining One.
  2148 | D:4      | Found a staircase to the Ecumenical Temple.
  2276 | D:5      | Entered Level 5 of the Dungeon
  2298 | D:5      | Reached skill level 5 in Armour
  2298 | D:5      | Reached XP level 7. HP: 58/61 MP: 6/6
  2377 | D:5      | Reached skill level 5 in Axes
  2447 | D:5      | Found a sacrificial altar of Ru.
  2519 | D:5      | Found a radiant altar of Vehumet.
  2814 | D:5      | Found a burning altar of Makhleb.
  2820 | D:5      | Reached skill level 1 in Shields
  2898 | D:6      | Found a hide-covered altar of Uskayaw.
  2920 | D:6      | Splashed by a jelly's acid

Illustrated notes

Levels and vault maps discovered:
D:1:      amcnicky_arrival_abandoned_market, layout_loops_ring,
          nicolae_concentric_dashed_squares_wild, nicolae_nh_oracle_at_delphi
D:2:      layout_basic, minmay_pentomino_o2, uniq_terence
D:3:      layout_basic, nicolae_wu_jian_immortal_techniques,
          mainiacjoe_overflow_alcove_4, dilly_ecumenical_altar_fadedgnrine,
          serial_shops, shop, nicolae_shop_waterfront, uniq_natasha
D:4:      layout_basic, nicolae_tso_carved_into_rock, lemuel_temple_firewalk_b,
          moated_statue, skrybe_limestone_x, uniq_blork_the_orc, uniq_eustachio
D:5:      layout_gridville, grunt_temple_overflow_order_and_chaos_1,
          makhleb_blood_cavern_becter, vehumet_crystals,
          nicolae_ru_sacrificial_ziggurat
D:6:      layout_gridville, mainiacjoe_overflow_six_doors_small,
          minmay_misc_feat_hallway, item_on_display_b

Skill      XL: |  1  2  3  4  5  6  7 |
---------------+----------------------+-----
Polearms       | 4 |  4.5
Fighting       | 4 5 |  5.7
Armour         | 3 4 5 |  5.5
Maces & Flails | 1 2 |  2.4
Axes           | 2 4 5 |  5.7
Dodging        | 3 |  3.6
Shields        | 1 |  1.0
Stealth        | |  0.3

Action                     |  1- 3 |  4- 6 |  7- 9 || total
---------------------------+-------+-------+-------++-------
  Melee: Spear             |    31 |       |       ||    31
         Headbutt          |     7 |    17 |     8 ||    32
         Mace              |    50 |     5 |    19 ||    74
         War axe           |       |   106 |    20 ||   126
    Use: Potion            |       |     1 |     1 ||     2
 Armour: Scale mail        |    62 |    78 |    12 ||   152
  Dodge: Dodged            |    44 |    54 |    21 ||   119
  Block: Buckler           |       |    15 |     4 ||    19
